3R
FRANKLIN FIRE @ QUEBEC ROOKIES
09/01/2033
 
TOP OF THE 1ST
Franklin Fire batting - Pitching for Quebec Rookies : RHP Eisse Tak
Pitching: RHP Eisse Tak
Batting: LHB Wilson Hernández 0-0: Hit by Pitch
Batting: RHB Peter Holland 0-0: Ball
1-0: Ball
2-0: Ball
3-0: Called Strike
3-1: Base on Balls
Wilson Hernández to second
Batting: RHB José García 0-0: Called Strike
0-1: Ball
1-1: Ball
2-1: Swinging Strike
2-2: Ball
3-2: Strikes out swinging
Batting: RHB Thomas Flyer 0-0: Swinging Strike
0-1: Swinging Strike
0-2: Foul Ball, location: 2F
0-2: Ball
1-2: Foul Ball, location: 2F
1-2: Strikes out swinging
Batting: RHB Djakapura Makanamaikai 0-0: Ball
1-0: Fielders Choice at 2nd, 6-4 (Groundball, 6)
Top of the 1st over - 0 runs, 0 hits, 0 errors, 2 left on base; Franklin 0 - Quebec 0
BOTTOM OF THE 1ST
Quebec Rookies batting - Pitching for Franklin Fire : RHP Carlos Simon
Pitching: RHP Carlos Simon
Batting: RHB Alejandro Córdova 0-0: Foul Ball, location: 2F
0-1: Foul Ball, location: 2F
0-2: Ball
1-2: SINGLE (Line Drive, 56D)
Batting: RHB Christian Patriarche 0-0: Called Strike
0-1: Ball
1-1: Ball
2-1: DOUBLE (Line Drive, 9LD)
Alejandro Córdova to third
Batting: LHB Palaie Gaoteote 0-0: Ball
1-0: Swinging Strike
1-1: Called Strike
1-2: Fly out, F8 (Flyball, 8RM)
Runner from 3rd tags up, SCORES, no throw
Batting: LHB Scott Miles 0-0: Called Strike
0-1: Swinging Strike
0-2: Strikes out swinging
Batting: RHB Justin Hunt 0-0: Ball
1-0: Called Strike
1-1: Ground out 5-3 (Groundball, 56S)
Bottom of the 1st over - 1 run, 2 hits, 0 errors, 1 left on base; Franklin 0 - Quebec 1
TOP OF THE 2ND
Franklin Fire batting - Pitching for Quebec Rookies : RHP Eisse Tak
Batting: RHB Dan Lewis 0-0: SINGLE (Groundball, 3D)
Batting: RHB Tom Winner 0-0: Fly out, F8 (Flyball, 78D)
Batting: RHB Ricardo Cardona 0-0: Ball
1-0: Fly out, F7 (Flyball, 7S)
Batting: LHB Kent Maxwell 0-0: Ball
1-0: Fly out, F8 (Flyball, 8RS)
Top of the 2nd over - 0 runs, 1 hit, 0 errors, 1 left on base; Franklin 0 - Quebec 1
BOTTOM OF THE 2ND
Quebec Rookies batting - Pitching for Franklin Fire : RHP Carlos Simon
Batting: LHB Keith Pick 0-0: Foul Ball, location: 2F
0-1: Called Strike
0-2: Strikes out swinging
Batting: RHB António Sánchez 0-0: Foul Ball, location: 2F
0-1: Swinging Strike
0-2: Strikes out swinging
Batting: LHB Arturo Durango 0-0: Called Strike
0-1: Ball
1-1: Ball
2-1: Foul Ball, location: 2F
2-2: Ground out 6-3 (Groundball, 6)
Bottom of the 2nd over - 0 runs, 0 hits, 0 errors, 0 left on base; Franklin 0 - Quebec 1
TOP OF THE 3RD
Franklin Fire batting - Pitching for Quebec Rookies : RHP Eisse Tak
Batting: LHB Wilson Hernández 0-0: Ball
1-0: Bunt for hit - play at first, batter safe!
Batting: RHB Peter Holland 0-0: Ball
1-0: Foul Ball, location: 2F
1-1: Ball
2-1: Fly out, F8 (Flyball, 8RS)
Batting: RHB José García 0-0: Ball
Wilson Hernández is caught stealing 2nd base
1-0: Swinging Strike
1-1: Called Strike
1-2: Ball
2-2: Strikes out swinging
Top of the 3rd over - 0 runs, 1 hit, 0 errors, 0 left on base; Franklin 0 - Quebec 1
BOTTOM OF THE 3RD
Quebec Rookies batting - Pitching for Franklin Fire : RHP Carlos Simon
Batting: RHB Punisa Tukovic 0-0: Ball
1-0: Foul Ball, location: 2F
1-1: Ball
2-1: Ball
3-1: Base on Balls
Batting: RHB Alejandro Córdova 0-0: Ball
1-0: Called Strike
1-1: 2-RUN HOME RUN (Flyball, 7LD), Distance : 349 ft
Batting: RHB Christian Patriarche 0-0: Foul Ball, location: 2F
0-1: Ball
1-1: Called Strike
1-2: Foul Ball, location: 2F
1-2: Foul Ball, location: 2F
1-2: Foul Ball, location: 2F
1-2: Ball
2-2: Fly out, F8 (Line Drive, 8LXD)
Batting: LHB Palaie Gaoteote 0-0: Called Strike
0-1: Ball
1-1: Called Strike
1-2: Foul Ball, location: 2F
1-2: Strikes out swinging
Batting: LHB Scott Miles 0-0: Ball
1-0: Ball
2-0: Called Strike
2-1: Foul Ball, location: 2F
2-2: Ball
3-2: Foul Ball, location: 2F
3-2: DOUBLE (Groundball, 5L)
Batting: RHB Justin Hunt 0-0: Ball
1-0: Called Strike
1-1: Foul Ball, location: 2F
1-2: Strikes out swinging
Bottom of the 3rd over - 2 runs, 2 hits, 0 errors, 1 left on base; Franklin 0 - Quebec 3
TOP OF THE 4TH
Franklin Fire batting - Pitching for Quebec Rookies : RHP Eisse Tak
Batting: RHB Thomas Flyer 0-0: Ball
1-0: Called Strike
1-1: Ball
2-1: Foul Ball, location: 2F
2-2: DOUBLE (Flyball, 9LD)
Batting: RHB Djakapura Makanamaikai 0-0: Ball
1-0: Ball
2-0: Swinging Strike
2-1: Foul Ball, location: 2F
2-2: Foul Ball, location: 2F
2-2: Ball
3-2: Strikes out swinging
Batting: RHB Dan Lewis Error on foul ball, E7
0-1: Ball
1-1: Ground out 6-3 (Groundball, 6)
Batting: RHB Tom Winner 0-0: Ball
1-0: Called Strike
1-1: Swinging Strike
1-2: Foul Ball, location: 2F
1-2: Strikes out swinging
Top of the 4th over - 0 runs, 1 hit, 1 error, 1 left on base; Franklin 0 - Quebec 3
BOTTOM OF THE 4TH
Quebec Rookies batting - Pitching for Franklin Fire : RHP Carlos Simon
Batting: LHB Keith Pick 0-0: Ball
1-0: Ground out 5-3 (Groundball, 2L)
Batting: RHB António Sánchez 0-0: Called Strike
0-1: Foul Ball, location: 2F
0-2: Foul Ball, location: 2F
0-2: Ball
1-2: Ball
2-2: Ground out 6-3 (Groundball, 6)
Batting: LHB Arturo Durango 0-0: Called Strike
0-1: Ball
1-1: Ball
2-1: Called Strike
2-2: Strikes out swinging
Bottom of the 4th over - 0 runs, 0 hits, 0 errors, 0 left on base; Franklin 0 - Quebec 3
TOP OF THE 5TH
Franklin Fire batting - Pitching for Quebec Rookies : RHP Eisse Tak
Batting: RHB Ricardo Cardona 0-0: Ball
1-0: Ground out 5-3 (Groundball, 56S)
Batting: LHB Kent Maxwell 0-0: Called Strike
0-1: Fly out, F8 (Flyball, 8RS)
Batting: LHB Wilson Hernández 0-0: Called Strike
0-1: Ball
1-1: Ground out 6-3 (Groundball, 6)
Top of the 5th over - 0 runs, 0 hits, 0 errors, 0 left on base; Franklin 0 - Quebec 3
BOTTOM OF THE 5TH
Quebec Rookies batting - Pitching for Franklin Fire : RHP Carlos Simon
Batting: RHB Punisa Tukovic 0-0: Ball
1-0: Ball
2-0: Swinging Strike
2-1: Swinging Strike
2-2: Ball
3-2: Strikes out swinging
Batting: RHB Alejandro Córdova 0-0: Called Strike
0-1: Bunt for hit - play at first, batter OUT! 3-4
Batting: RHB Christian Patriarche 0-0: Ball
1-0: Foul Ball, location: 2F
1-1: Ball
2-1: Ground out 5-3 (Groundball, 56)
Bottom of the 5th over - 0 runs, 0 hits, 0 errors, 0 left on base; Franklin 0 - Quebec 3
TOP OF THE 6TH
Franklin Fire batting - Pitching for Quebec Rookies : RHP Eisse Tak
Batting: RHB Peter Holland 0-0: Ball
1-0: Foul Ball, location: 2F
1-1: Swinging Strike
1-2: Strikes out looking
Batting: RHB José García 0-0: Swinging Strike
0-1: Ball
1-1: Called Strike
1-2: Ball
2-2: Foul Ball, location: 2F
2-2: Foul Ball, location: 2F
2-2: Ground out 6-3 (Groundball, 6)
Batting: RHB Thomas Flyer 0-0: Foul Ball, location: 2F
0-1: Ball
1-1: Called Strike
1-2: Ball
2-2: Foul Ball, location: 2F
2-2: Foul Ball, location: 2F
2-2: Strikes out looking
Top of the 6th over - 0 runs, 0 hits, 0 errors, 0 left on base; Franklin 0 - Quebec 3
BOTTOM OF THE 6TH
Quebec Rookies batting - Pitching for Franklin Fire : RHP Carlos Simon
Batting: LHB Palaie Gaoteote 0-0: Ball
1-0: SOLO HOME RUN (Flyball, 9D), Distance : 380 ft
Batting: LHB Scott Miles 0-0: Ball
1-0: SINGLE (Flyball, 89M)
Batting: RHB Justin Hunt 0-0: Called Strike
0-1: Called Strike
0-2: Hit by Pitch
Scott Miles to second
Batting: LHB Keith Pick 0-0: Swinging Strike
0-1: Ball
1-1: Swinging Strike
1-2: Ball
2-2: Foul Ball, location: 2F
2-2: Ball
3-2: Foul Ball, location: 2F
3-2: Base on Balls
Scott Miles to third
Justin Hunt to second
Pitching: LHP Alberto Villarreal
Batting: RHB António Sánchez 0-0: Ball
1-0: Foul Ball, location: 2F
1-1: Foul Ball, location: 2F
1-2: Ball
2-2: Strikes out looking
Batting: LHB Arturo Durango 0-0: Ball
1-0: Ground out U3 (Groundball, 34S)
Scott Miles scores
Justin Hunt to third
Keith Pick to second
Batting: RHB Punisa Tukovic 0-0: Ball
1-0: Ball
2-0: Ball
3-0: Called Strike
3-1: Fly out, F4 (Line Drive, 4M)
Bottom of the 6th over - 2 runs, 2 hits, 0 errors, 2 left on base; Franklin 0 - Quebec 5
TOP OF THE 7TH
Franklin Fire batting - Pitching for Quebec Rookies : RHP Eisse Tak
Batting: RHB Djakapura Makanamaikai 0-0: Foul Ball, location: 2F
0-1: Ball
1-1: Ball
2-1: Ball
3-1: Base on Balls
Batting: RHB Dan Lewis 0-0: Called Strike
0-1: Ball
1-1: Ball
2-1: Called Strike
2-2: Ball
3-2: Strikes out swinging
Batting: RHB Tom Winner 0-0: Swinging Strike
0-1: Called Strike
0-2: Strikes out looking
Batting: RHB Ricardo Cardona 0-0: Ball
1-0: SINGLE (Line Drive, 7LS)
Djakapura Makanamaikai to second
Batting: LHB Kent Maxwell 0-0: Swinging Strike
0-1: Ball
1-1: Swinging Strike
1-2: Ball
2-2: Ball
3-2: Hit by Pitch
Djakapura Makanamaikai to third
Ricardo Cardona to second
Batting: LHB Wilson Hernández 0-0: Swinging Strike
0-1: Called Strike
0-2: Ball
1-2: Strikes out swinging
Top of the 7th over - 0 runs, 1 hit, 0 errors, 3 left on base; Franklin 0 - Quebec 5
BOTTOM OF THE 7TH
Quebec Rookies batting - Pitching for Franklin Fire : LHP Alberto Villarreal
Batting: RHB Alejandro Córdova 0-0: Called Strike
0-1: Ball
1-1: SINGLE (Groundball, 56D)
Batting: RHB Christian Patriarche 0-0: Called Strike
0-1: Ball
1-1: Called Strike
1-2: Strikes out swinging
Batting: LHB Palaie Gaoteote 0-0: Called Strike
0-1: Ball
1-1: Ball
Pickoff Throw to First - Out!
2-1: Ball
3-1: Called Strike
3-2: Foul Ball, location: 2F
3-2: SINGLE (Groundball, 4D)
Batting: LHB Scott Miles 0-0: Called Strike
0-1: Called Strike
0-2: Foul Ball, location: 2F
0-2: Ball
1-2: Foul Ball, location: 2F
1-2: Ball
2-2: Foul Ball, location: 2F
2-2: Ball
3-2: Foul Ball, location: 2F
3-2: Fly out, F8 (Flyball, 8RM)
Bottom of the 7th over - 0 runs, 2 hits, 0 errors, 1 left on base; Franklin 0 - Quebec 5
TOP OF THE 8TH
Franklin Fire batting - Pitching for Quebec Rookies : RHP Eisse Tak
Now in RF: Marx Vink
Batting: RHB Peter Holland 0-0: Foul Ball, location: 2F
0-1: Ball
1-1: Ball
2-1: Foul Ball, location: 2F
2-2: Fly out, F8 (Flyball, 8RXD)
Batting: RHB José García 0-0: Foul Ball, location: 2F
0-1: Swinging Strike
0-2: Foul Ball, location: 2F
0-2: Ground out 4-3 (Groundball, 4S)
Batting: RHB Thomas Flyer 0-0: Ball
1-0: Swinging Strike
1-1: SINGLE (Line Drive, 56)
Batting: RHB Djakapura Makanamaikai 0-0: Ball
1-0: Foul Ball, location: 2F
1-1: Ball
2-1: Ball
3-1: Base on Balls
Thomas Flyer to second
Batting: RHB Dan Lewis 0-0: Ball
1-0: Ball
2-0: SINGLE (Line Drive, 7S)
Thomas Flyer to third
Djakapura Makanamaikai to second
Batting: RHB Tom Winner 0-0: Fly out, F7 (Flyball, 7S)
Top of the 8th over - 0 runs, 2 hits, 0 errors, 3 left on base; Franklin 0 - Quebec 5
BOTTOM OF THE 8TH
Quebec Rookies batting - Pitching for Franklin Fire : LHP Alberto Villarreal
Batting: RHB Justin Hunt 0-0: Called Strike
0-1: Swinging Strike
0-2: Strikes out swinging
Batting: LHB Keith Pick 0-0: Ball
1-0: SINGLE (Line Drive, 89S)
Batting: RHB António Sánchez 0-0: Called Strike
0-1: Foul Ball, location: 2F
0-2: Foul Ball, location: 2F
0-2: Ball
1-2: Strikes out swinging
Batting: LHB Arturo Durango 0-0: Ball
1-0: DOUBLE (Groundball, 5L)
Keith Pick to third
Batting: RHB Punisa Tukovic 0-0: Called Strike
0-1: Ball
1-1: Ball
2-1: Foul Ball, location: 2F
2-2: Foul Ball, location: 2F
2-2: Ball
3-2: Hit by Pitch
Batting: RHB Alejandro Córdova 0-0: Ball
1-0: Swinging Strike
1-1: Fielders Choice at 2nd, 6-4 (Groundball, 6D)
Bottom of the 8th over - 0 runs, 2 hits, 0 errors, 3 left on base; Franklin 0 - Quebec 5
TOP OF THE 9TH
Franklin Fire batting - Pitching for Quebec Rookies : RHP Eisse Tak
Now at C: Wen-zhong Mar
Batting: RHB Ricardo Cardona 0-0: Ball
1-0: Ball
2-0: Foul Ball, location: 2F
2-1: SINGLE (Line Drive, 89S)
Pitching: LHP Fernando Perocier
Batting: LHB Kent Maxwell 0-0: Foul Ball, location: 2F
0-1: Foul Ball, location: 2F
0-2: Fly out, F9 (Flyball, 89M)
Batting: LHB Wilson Hernández 0-0: Ball
1-0: Called Strike
1-1: Ball
2-1: Foul Ball, location: 2F
2-2: SINGLE (Line Drive, 7LS)
Ricardo Cardona to second
Batting: RHB Peter Holland 0-0: Called Strike
0-1: Foul Ball, location: 2F
0-2: Strikes out swinging
Batting: RHB José García 0-0: Ball
1-0: SINGLE (Line Drive, 89S)
Ricardo Cardona to third
Wilson Hernández to second
Batting: RHB Thomas Flyer 0-0: Ball
1-0: Ball
2-0: SINGLE (Groundball, 6D)
Ricardo Cardona scores
Wilson Hernández to third
José García to second
Batting: RHB Djakapura Makanamaikai 0-0: Ball
Wild Pitch!
Wilson Hernández scores
José García to third
Thomas Flyer to second
1-0: Ground out 6-3 (Groundball, 6M)
Top of the 9th over - 2 runs, 4 hits, 0 errors, 2 left on base; Franklin 2 - Quebec 5
Saturday, December 22nd, 2018 - OOTP Baseball 18.8 Build 76